 Dungeon Crawl Stone Soup version 0.30-a0-722-g3e6e8c874d (webtiles) character file.

Game seed: 5725036505886497631

68451 NinjaNoafa the Severer (level 15, -1/128 HPs)
             Began as a Hill Orc Monk on Jan 27, 2023.
             Was the Champion of Fedhas.
             Killed by an exploding orc warlord (24 damage)
             ... ignited by their inner flame
             ... on level 2 of the Orcish Mines.
             The game lasted 01:05:33 (23979 turns).

NinjaNoafa the Severer (Hill Orc Monk)             Turns: 23979, Time: 01:05:34

Health: -1/128     AC: 25    Str: 22    XL:     15   Next: 26%
Magic:  19/27      EV: 10    Int: 10    God:    Fedhas [******]
Gold:   1270       SH: 20    Dex: 13    Spells: 14/14 levels left

rFire   . . .      SeeInvis +    W - +16 obsidian axe {drain, demonic, Mesm Drain Fly SInv}
rCold   + . .      Faith    .    P - +5 kite shield {rC+}
rNeg    + . .      Spirit   .    j - +0 pearl dragon scales
rPois   .          Reflect  +    S - +0 hat
rElec   .          Harm     .    I - +0 cloak
rCorr   .          Rampage  .    C - +2 pair of gloves
Will    +....                    q - +0 pair of boots Stlth
                                 z - amulet of reflection
HPRegen 0.41/turn                d - +4 ring of protection
MPRegen 0.20/turn                O - +4 ring of slaying

@: flying
A: no striking features
a: Renounce Religion, Wall of Briars, Grow Ballistomycete, Overgrow, Grow Oklob


You were on level 2 of the Orcish Mines.
You worshipped Fedhas.
Fedhas was exalted by your worship.
You visited 4 branches of the dungeon, and saw 22 of its levels.
You also visited: Ossuary, Ice Cave and Volcano.

You collected 2114 gold pieces.
You spent 844 gold pieces at shops.

Inventory:

Hand Weapons
 W - the +16 obsidian axe (weapon) {drain, demonic, Mesm Drain Fly SInv}
   (You found it on level 2 of the Lair of Beasts)

   Mesm:      Its wielder is mesmerised by any visible foes, and it cannot be
   unequipped while any foes are visible.
   SInv:      It lets you see invisible.
   Fly:       It grants you flight.
   Drain:     It drains your maximum health when unequipped.
Missiles
 t - 4 silver javelins
 x - 6 curare-tipped darts
 y - 53 poisoned darts
 D - 15 javelins (quivered)
 T - 5 boomerangs
Armour
 j - +0 pearl dragon scales (worn)
 q - a +0 pair of boots (worn)
 C - a +2 pair of gloves (worn)
 I - a +0 cloak (worn)
 P - a +5 kite shield of cold resistance (worn)
 S - a +0 hat (worn)
Jewellery
 d - a +4 ring of protection (left hand)
 f - a ring of positive energy
 z - an amulet of reflection (around neck)
 O - a +4 ring of slaying (right hand)
 Y - a ring of resist corrosion
Wands
 a - a wand of charming (9)
 k - a wand of iceblast (12)
 s - a wand of polymorph (15)
 G - a wand of flame (11)
 K - a wand of quicksilver (12)
 R - a wand of digging (4)
 V - a wand of mindburst (24)
Scrolls
 b - 4 scrolls of blinking
 e - a scroll of silence
 g - 15 scrolls of teleportation
 i - a scroll of torment
 m - 2 scrolls of magic mapping
 n - 4 scrolls of fear
 o - 5 scrolls of poison
 A - 2 scrolls of vulnerability
 F - 7 scrolls of identify
 L - a scroll of summoning
 X - 3 scrolls of immolation
 Z - 7 scrolls of fog
Potions
 c - 5 potions of flight
 h - a potion of might
 p - 2 potions of magic
 r - 4 potions of brilliance
 u - 6 potions of mutation
 v - 7 potions of curing
 w - 3 potions of attraction
 B - 2 potions of lignification
 J - a potion of berserk rage
 M - 4 potions of haste
 N - a potion of invisibility
Miscellaneous
 E - a piece from Xom's chessboard (15/15)
 H - a lightning rod (3/4)
 Q - a tin of tremorstones (1/2)
 U - a condenser vane (inert)


   Skills:
 + Level 10.6 Fighting
 - Level 18.0 Axes
 + Level 8.2 Throwing
 + Level 10.5 Armour
 - Level 4.0 Dodging
 - Level 1.5 Stealth
 + Level 8.3 Shields
 + Level 16.2 Invocations
 + Level 8.2 Evocations


You had 14 spell levels left.
You didn't know any spells.
Your spell library contained the following spells:

 Spells                   Type           Power      Damage    Failure   Level
 Kiss of Death            Conj/Necr      0%         2d5       94%         1
 Magic Dart               Conj           0%         1d3       94%         1
 Summon Small Mammal      Summ           0%         N/A       94%         1
 Call Imp                 Summ           0%         N/A       98%         2
 Cigotuvi's Dreadful Rot  Necr/Pois/Air  0%         N/A       98%         2
 Poisonous Vapours        Pois/Air       0%         N/A       98%         2
 Scorch                   Fire           0%         2d5       98%         2
 Call Canine Familiar     Summ           0%         N/A       100%        3
 Confusing Touch          Hex            0%         N/A       100%        3
 Hailstorm                Conj/Ice       0%         3d3       100%        3
 Inner Flame              Hex/Fire       0%         N/A       100%        3
 Mephitic Cloud           Conj/Pois/Air  0%         N/A       100%        3
 Summon Guardian Golem    Hex/Summ       0%         N/A       100%        3
 Tukima's Dance           Hex            0%         N/A       100%        3
 Anguish                  Hex/Necr       0%         N/A       100%        4
 Cause Fear               Hex            0%         N/A       100%        4
 Dispel Undead            Necr           0%         3d6       100%        4
 Flame Wave               Conj/Fire      0%         2d4       100%        4
 Ice Form                 Ice/Tmut       0%         N/A       100%        4
 Leda's Liquefaction      Hex/Erth       0%         N/A       100%        4
 Olgreb's Toxic Radiance  Pois           0%         N/A       100%        4
 Passage of Golubria      Tloc           0%         N/A       100%        4
 Sticky Flame             Conj/Fire      0%         2d3       100%        4
 Blade Hands              Tmut           0%         N/A       100%        5
 Irradiate                Conj/Tmut      0%         3d11      100%        5
 Lee's Rapid Deconstruct  Erth           0%         3d4*      100%        5
 Yara's Violent Unravell  Hex/Tmut       0%         3d3       100%        5
 Simulacrum               Ice/Necr       0%         N/A       100%        6
 Statue Form              Tmut/Erth      0%         N/A       100%        6
 Summon Cactus Giant      Summ           0%         N/A       100%        6
 Dragon Form              Tmut           0%         N/A       100%        7
 Enfeeble                 Hex            0%         N/A       100%        7
 Ozocubu's Refrigeration  Ice            0%         4d7       100%        7
 Discord                  Hex            0%         N/A       100%        8
 Ignition                 Fire           0%         3d3       100%        8


Dungeon Overview and Level Annotations

Branches:
Dungeon (14/15)            Temple (1/1) D:5            Lair (5/5) D:9
  Swamp (0/4) Lair:3        Snake (0/4) Lair:3        Slime (0/5) Lair:5
    Orc (2/2) D:11            Elf (0/3) Orc:2        Vaults (0/5) D:13
Ossuary (visited)           IceCv (visited)         Volcano (visited)

Altars:
Ashenzari
Cheibriados
Dithmenos
Elyvilon
Fedhas
Gozag
Hepliaklqana
Kikubaaqudgha
Makhleb
Nemelex Xobeh
Okawaru
Qazlal
Ru
Sif Muna
Trog
Uskayaw
Vehumet
Wu Jian
Xom
Yredelemnul
Zin
The Shining One
Beogh
Jiyva

Shops:
D:3 (   D:4 ?   D:7 *   D:9 ?[!

Portals:
Trove: D:13 (show slimy rune of Zot)

Annotations:
Orc:2 Azrael


Message History

The orc warlord is engulfed in blazing flames.
Flame seeps out of the orc warlord.
Okay, then.
You cannot move away from the orc warlord!
Unknown command.
Okay, then.
Okay, then.
Okay, then.
Aiming: Overgrow
Press: ? - help, Dir - move target, p - orc warlord The rock wall is torn apart as an oklob sapling grows in its place.
The rock wall is torn apart as a ballistomycete grows in its place.
The rock wall is torn apart as an oklob sapling grows in its place.
You block the orc warlord's attack.
The orc warlord hits your oklob sapling with a +0 war axe!!
The orc warlord hits your oklob sapling with a +0 war axe!
The orc warlord hits your ballistomycete with a +0 war axe.
You fly carefully through the plants.
Your oklob sapling spits acid at Azrael.
Fedhas protects a plant from harm.
The splash of acid hits Azrael!!
The acid corrodes Azrael!
Flame seeps out of Azrael.
Azrael hits your oklob sapling but does no damage.
The orc warlord hits you with a +0 war axe!
* * * LOW HITPOINT WARNING * * *
The orc warlord hits your ballistomycete with a +0 war axe!
The orc warlord hits your oklob sapling with a +0 war axe!
You hear a shout!
You slash the orc warlord!
Flame seeps out of the orc warlord. x2
You drain the orc warlord.
The orc warlord is almost dead.
Azrael hits your oklob sapling with a +2 scimitar of flaming.
Azrael burns your oklob sapling.
The orc warlord is engulfed in blazing flames.
You break out of your daze!
Fedhas appreciates your contribution to the ecosystem.
The orc warlord explodes!
The fiery explosion engulfs you!!
You die...
Fedhas appreciates your contribution to the ecosystem.

..............#.......#.#.......#
..............#.......#..#..#...#
.................._....... #.....
..............#......§#..# ....#
..............#.....).#..## #.#..
..............##.o))[##○..###....
..........#...####§####○)........
...........#....§○)Rh).)(☼.....>.
............#...@PP###...○.......
...........#....#######○.)##.....
...........#.....###.#...##......
.....#............#...#)##.......
#.#......#.#.###.###..))#........
####........## ### ##...†#....##.
###.#.#.## ##........... #######
####......... ##.##.#..##...


You could see Azrael (inner flame, distracted, corroded, ally target), a hell
hound (inner flame), a friendly ballistomycete (summoned) and 2 friendly oklob
saplings.

Vanquished Creatures
  An orc warlord (Orc:2)
  A reaper (IceCv)
  Josephine (D:12)
  A vault guard (D:13)
  4 hydras
  2 catoblepae
  2 centaur warriors (D:13)
  A boulder beetle (Lair:1)
  3 two-headed ogres
  A vampire mage (D:12)
  3 death yaks (Lair:4)
  2 orc high priests
  Urug (D:10)
  A hell knight (Volcano)
  A sun demon (Volcano)
  A deep troll (D:13)
  3 lindwurms
  A bog body (Lair:3)
  Pikel (D:6)
  2 orc knights (Orc:2)
  3 ugly things
  2 cyclopes
  A deep elf pyromancer (D:12)
  2 manticores
  8 elephants
  An ice statue (IceCv)
  Joseph (Lair:1)
  4 black mambas
  A torpor snail (Lair:5)
  2 unseen horrors
  3 molten gargoyles
  6 cane toads
  A kobold demonologist (D:9)
  A freezing wraith (IceCv)
  A komodo dragon (shapeshifter) (D:13)
  5 komodo dragons
  A rime drake (Lair:3)
  3 ice devils
  4 trolls
  A troll (shapeshifter) (D:14)
  A polar bear (Lair:1)
  Prince Ribbit (D:5)
  9 dream sheep
  6 slime creatures (D:13)
  A dire elephant simulacrum (IceCv)
  7 wraiths
  35 yaks
  6 vampires
  2 fire bats (Volcano)
  6 basilisks
  5 steam dragons
  7 wyverns
  2 hogs (D:7)
  3 fire elementals (Orc:2)
  4 vampire mosquitoes (D:12)
  A death yak simulacrum (IceCv)
  3 wargs
  3 nagas (Lair:3)
  A harpy simulacrum (IceCv)
  7 hell hounds
  9 water moccasins
  An acid dragon (D:13)
  A hydra simulacrum (IceCv)
  5 ice beasts
  18 orc warriors
  2 sky beasts (D:7)
  3 black bears
  10 wolves
  5 ogres
  12 centaurs
  A lemure (D:6)
  A phantom (D:7)
  3 elf zombies (Ossuary)
  8 bullfrogs
  A kobold brigand (D:10)
  A necrophage (D:7)
  A scorpion (D:5)
  4 two-headed ogre simulacra (IceCv)
  A cane toad simulacrum (IceCv)
  13 wights
  8 killer bees
  3 howler monkeys
  9 lava snakes
  5 centaur zombies (Ossuary)
  2 hounds (D:6)
  5 orc priests
  4 human zombies (Ossuary)
  Ijyb (D:5)
  2 iguanas (D:5)
  11 orc wizards
  7 hell rats (Lair:5)
  3 troll simulacra (IceCv)
  4 wolf simulacra (IceCv)
  11 spriggan simulacra (IceCv)
  2 polar bear simulacra (IceCv)
  3 mummies (Ossuary)
  8 adders
  7 gnolls
  A naga simulacrum (IceCv)
  2 shadow imps (D:7)
  4 white imps (IceCv)
  8 ufetubi
  A worm (D:4)
  2 dart slugs
  45 orcs
  4 bats
  5 endoplasms
  2 giant cockroaches
  8 goblins
  8 hobgoblins
  4 jackals (D:3)
  13 kobolds
  3 quokkas
  5 ball pythons
  4 frilled lizards
  A goblin zombie (D:4)
  A quokka zombie (D:4)
  3 rats (D:1)
513 creatures vanquished.

Vanquished Creatures (collateral kills)
  An ettin (Orc:1)
  A fire dragon (Lair:5)
  A hydra (Lair:3)
  2 lindwurms (Lair:2)
  An orc knight (Orc:2)
  An elephant (Lair:3)
  A black mamba (Lair:3)
  2 cane toads (Lair:3)
  A molten gargoyle (Lair:5)
  A rime drake (Lair:4)
  A komodo dragon (Lair:5)
  An anaconda simulacrum (IceCv)
  A slime creature (D:13)
  4 dream sheep (Lair:3)
  2 vampires (D:12)
  11 yaks
  2 wraiths (D:12)
  A basilisk (Lair:5)
  A death yak simulacrum (IceCv)
  A hell hound (Volcano)
  A howler monkey (D:12)
  2 lava snakes (Lair:5)
  An orc priest (D:4)
  An adder (D:4)
  6 orcs (D:4)
  A goblin (D:4)
  8 ballistomycete spores
57 creatures vanquished.

Vanquished Creatures (others)
  A water moccasin (Lair:1)
  A hobgoblin (D:3)
  26 fungi
  30 plants
58 creatures vanquished.

Grand Total: 628 creatures vanquished

Notes
Turn   | Place    | Note
-------+----------+-------------------------------------------
     0 | D:1      | NinjaNoafa the Hill Orc Monk began the quest for the Orb.
     0 | D:1      | Reached XP level 1. HP: 19/19 MP: 1/1
   111 | D:1      | Reached XP level 2. HP: 21/26 MP: 2/2
   177 | D:1      | Reached skill level 5 in Axes
   383 | D:1      | Reached XP level 3. HP: 28/31 MP: 3/3
   453 | D:1      | Found a faded altar of an unknown god.
   463 | D:1      | Prayed at the altar of an unknown god.
   463 | D:1      | Became a worshipper of Fedhas Madash
   463 | D:1      | Reached * piety under Fedhas
   463 | D:1      | Reached ** piety under Fedhas
   973 | D:2      | Reached skill level 6 in Axes
  1163 | D:2      | Reached *** piety under Fedhas
  1164 | D:2      | Reached XP level 4. HP: 38/40 MP: 4/4
  1377 | D:3      | Found Fuoshuni's Weapon Shop.
  1392 | D:3      | Bought a +1 heavy broad axe for 198 gold pieces
  1446 | D:3      | Reached skill level 1 in Armour
  1835 | D:4      | Found a sand-covered staircase.
  1850 | Ossuary  | Entered an ossuary
  1865 | Ossuary  | Reached skill level 1 in Invocations
  1865 | Ossuary  | Reached XP level 5. HP: 41/46 MP: 5/5
  1877 | Ossuary  | Reached XP level 6. HP: 38/52 MP: 6/8
  1956 | Ossuary  | Reached skill level 5 in Invocations
  1961 | Ossuary  | Reached XP level 7. HP: 34/59 MP: 9/11
  2241 | D:4      | Reached **** piety under Fedhas
  2357 | D:4      | Found an iron altar of Okawaru.
  2445 | D:4      | Found Gaxecs's Magic Scroll Shop.
  2462 | D:4      | Bought a scroll of noise for 10 gold pieces
  2462 | D:4      | Bought a scroll of identify for 20 gold pieces
  2462 | D:4      | Bought a scroll of identify for 20 gold pieces
  2680 | D:5      | Entered Level 5 of the Dungeon
  2714 | D:5      | Found a stormy altar of Qazlal.
  2714 | D:5      | Found a sparkling altar of Nemelex Xobeh.
  2714 | D:5      | Found a blossoming altar of Fedhas.
  2850 | D:5      | Found a staircase to the Ecumenical Temple.
  2852 | D:5      | Noticed Prince Ribbit
  2866 | D:5      | Reached skill level 7 in Axes
  2866 | D:5      | Reached XP level 8. HP: 45/66 MP: 10/14
  2886 | D:5      | Killed Prince Ribbit
  2887 | D:5      | Reached skill level 8 in Axes
  2897 | Temple   | Entered the Ecumenical Temple
  3177 | D:5      | Noticed Ijyb
  3185 | D:5      | Reached skill level 9 in Axes
  3188 | D:5      | Killed Ijyb
  3318 | D:5      | Found a large runed translucent door.
  3322 | D:5      | Found a large runed translucent door.
  3660 | D:5      | Reached skill level 10 in Axes
  3816 | D:5      | Found a hazy altar of Hepliaklqana.
  3819 | D:5      | Found a basalt altar of Yredelemnul.
  3885 | D:6      | Reached skill level 11 in Axes
  3988 | D:6      | Reached XP level 9. HP: 45/71 MP: 15/15
  4109 | D:6      | Reached skill level 12 in Axes
  4365 | D:6      | Reached skill level 1 in Evocations
  4381 | D:6      | Noticed Pikel
  4387 | D:6      | Killed Pikel
  4649 | D:6      | Found a hide-covered altar of Uskayaw.
  4649 | D:6      | Found a shadowy altar of Dithmenos.
  4925 | D:7      | Found Apru's General Store.
  5037 | D:4      | Bought a scroll of brand weapon for 95 gold pieces
  5353 | D:7      | Reached skill level 10 in Invocations
  5379 | D:7      | Reached ***** piety under Fedhas
  5584 | D:7      | Reached XP level 10. HP: 54/78 MP: 17/17
  5588 | D:7      | Reached skill level 13 in Axes
  6902 | D:8      | Reached skill level 14 in Axes
  6990 | D:8      | Found a roughly hewn altar of Beogh.
  8103 | D:9      | Found Etwadit's Magic Scroll Emporium.
  8131 | D:9      | Found a staircase to the Lair.
  8175 | D:9      | Reached skill level 5 in Fighting
  8175 | D:9      | Reached XP level 11. HP: 64/86 MP: 20/20
  8351 | D:9      | Bought a scroll of enchant armour for 105 gold pieces
  8351 | D:9      | Bought a scroll of teleportation for 42 gold pieces
  8351 | D:9      | Bought a scroll of teleportation for 42 gold pieces
  8515 | D:4      | Bought a scroll of identify for 20 gold pieces
  8515 | D:4      | Bought a scroll of identify for 20 gold pieces
  8770 | D:9      | Reached skill level 5 in Armour
  8860 | D:9      | Found Heod's Distillery.
  8944 | D:9      | Found Gaylun's Armour Boutique.
  9279 | D:10     | Entered Level 10 of the Dungeon
  9854 | D:10     | Noticed Urug
  9872 | D:10     | Killed Urug
 10149 | D:10     | Noticed a two-headed ogre
 10159 | D:10     | Killed a two-headed ogre
 10419 | D:11     | Found a staircase to the Orcish Mines.
 10503 | D:11     | Reached skill level 15 in Axes
 10714 | D:11     | Noticed a two-headed ogre
 10723 | D:11     | Killed a two-headed ogre
 11053 | D:11     | Noticed a manticore
 11063 | D:11     | Killed a manticore
 11629 | D:12     | Noticed Josephine
 11631 | D:12     | Noticed a deep elf pyromancer
 11698 | Lair:1   | Entered Level 1 of the Lair of Beasts
 11698 | Lair:1   | Noticed Joseph
 11706 | Lair:1   | Killed Joseph
 11735 | Lair:1   | Reached skill level 5 in Evocations
 11813 | Lair:1   | Found a frozen archway.
 11856 | IceCv    | Entered an ice cave
 11975 | IceCv    | Reached ****** piety under Fedhas
 12052 | IceCv    | Reached XP level 12. HP: 61/96 MP: 22/22
 12908 | IceCv    | Reached skill level 1 in Shields
 13260 | IceCv    | Noticed a reaper
 13277 | IceCv    | Killed a reaper
 13291 | IceCv    | Reached skill level 5 in Shields
 13669 | IceCv    | Identified the +4 flail "Hedgheha" {drain, Str+4 Int+3}
 13889 | Lair:1   | Noticed a boulder beetle
 13901 | Lair:1   | Killed a boulder beetle
 14127 | Lair:1   | Noticed a catoblepas
 14442 | Lair:1   | Killed a catoblepas
 14443 | Lair:1   | Reached skill level 5 in Throwing
 15464 | Lair:2   | Identified the +8 trident of the Elven Halls {elec, rF+++
                  | rCorr MP-9 Dex-2}
 15475 | Lair:2   | Noticed a six-headed hydra
 15484 | Lair:2   | Killed a three-headed hydra
 15621 | Lair:2   | Found the +16 obsidian axe {drain, demonic, Mesm Drain Fly
                  | SInv}
 15764 | Lair:2   | Reached XP level 13. HP: 102/105 MP: 23/23
 15784 | Lair:2   | Identified the +6 chain mail "Foerroec" {rC+ Slay+3}
 16201 | Lair:3   | Reached skill level 16 in Axes
 16356 | Lair:3   | Reached skill level 15 in Invocations
 16373 | Lair:3   | Found a staircase to the Swamp.
 16507 | Lair:3   | Found a staircase to the Snake Pit.
 16655 | Lair:3   | Reached skill level 17 in Axes
 17099 | Lair:4   | Reached skill level 18 in Axes
 17207 | Lair:4   | Found a shadowy altar of Dithmenos.
 17627 | Lair:5   | Entered Level 5 of the Lair of Beasts
 17634 | Lair:5   | Reached XP level 14. HP: 99/115 MP: 26/26
 18016 | Lair:5   | Found a staircase to the Slime Pits.
 18020 | Lair:5   | Found a viscous altar of Jiyva.
 18185 | Lair:5   | Found a large runed translucent door.
 18186 | Lair:5   | Found a large runed translucent door.
 19266 | D:12     | Killed Josephine
 19914 | D:12     | Found an ancient bone altar of Kikubaaqudgha.
 20732 | D:13     | Found a gate to the Vaults.
 20794 | D:13     | Found a portal to a secret trove of treasure.
 20995 | D:13     | You are sucked into a shaft and drop 1 floor!
 21696 | Lair:5   | Reached skill level 10 in Fighting
 21966 | D:9      | Bought a potion of heal wounds for 65 gold pieces
 21966 | D:9      | Bought a potion of curing for 39 gold pieces
 22034 | D:7      | Bought a scroll of fear for 48 gold pieces
 22034 | D:7      | Bought a potion of haste for 120 gold pieces
 22498 | Orc:1    | Entered Level 1 of the Orcish Mines
 22571 | Orc:1    | Reached skill level 10 in Armour
 22588 | Orc:1    | Reached XP level 15. HP: 115/126 MP: 27/27
 22609 | Orc:1    | Found a dark tunnel.
 22617 | Volcano  | Entered a volcano
 23012 | Volcano  | Found a bloodstained altar of Trog.
 23732 | Orc:2    | Entered Level 2 of the Orcish Mines
 23765 | Orc:2    | Found a staircase to the Elven Halls.
 23817 | Orc:2    | Found a roughly hewn altar of Beogh.
 23966 | Orc:2    | Noticed an orc warlord
 23971 | Orc:2    | Noticed Azrael
 23979 | Orc:2    | Killed an orc warlord
 23979 | Orc:2    | Killed by an exploding orc warlord... ignited by their
                  | inner flame

Illustrated notes

Levels and vault maps discovered:
D:1:      scummos_arrival_gate, layout_rooms, ebering_ecumenical_altar_box
D:2:      layout_basic
D:3:      layout_rooms, serial_shops, nicolae_shop_bloodbath_and_beyond
D:4:      layout_rooms, nicolae_overflow_hidden_temple, enter_ossuary_4,
          serial_shops, shop
D:5:      layout_basic, jmf_multi_god_temple2,
          gammafunk_temple_overflow_forgotten, minmay_temple_entry_purple_smoke,
          grunt_ministairs_9, uniq_ijyb, uniq_prince_ribbit1
D:6:      layout_gridville, gammafunk_temple_overflow_wave, uniq_pikel
D:7:      layout_gridville, serial_shops, nicolae_stop_n_shop_1, grunt_livestock
D:8:      layout_loops_ring, special_room [special_room_orc]
D:9:      layout_irregular_city, david_lair_shrubbed, serial_shops,
          nicolae_shop_waterfront, shop, shop
D:10:     layout_basic, roderic_lattice_a, uniq_urug
D:11:     layout_stronghold, orc_0_dummy
D:12:     layout_loops_cross, nicolae_nh_vlads_tower, uniq_josephine
D:13:     dreamdust_cave_troll, layout_stronghold, david_vaults_5, enter_trove_2
D:14:     layout_irregular_city, serial_glass, glass_columns_a, glass_columns_b,
          glass_columns_a, glass_columns_b, glass_columns_c, glass_columns_b,
          glass_columns_a, glass_columns_c, glass_columns_c, glass_columns_a,
          glass_columns_a, glass_columns_a, glass_columns_c, glass_columns_a,
          item_on_display_a, item_on_display_b, serial_shops,
          nicolae_shop_overgrown_old_shop, minmay_misc_feat_tiny
Temple:   nicolae_temple_superstar
Lair:1:   minmay_lair_oklob_tunnel, layout_regular_city,
          portal_ice_cave_demonic_guard, uniq_joseph
Lair:2:   layout_gridlike, dreamdust_deal_with_the_devil,
          chequers_serial_rivers_small_3, minmay_lindwurm_lava
Lair:3:   layout_layer_cave, skrybe_swamp_entry_bodies,
          nicolae_snake_entry_squirm
Lair:4:   beast_lair_carwin_large_1, layout_misc_corridors, basic_altar,
          eino_small_chamber_without_monster
Lair:5:   cheibrodos_lair_end_hotspot, layout_loops_ring,
          dpeg_slime_entry_corner
Orc:1:    layout_diamond_mine, enter_volcano_1, nicolae_orc_sculptors_studio
Orc:2:    grunt_orc_gardens, layout_caves, grunt_orc_garden, grunt_orc_garden,
          grunt_orc_garden, grunt_orc_garden, mines1_david, uniq_azrael

Skill      XL: |  1  2  3  4  5  6  7  8  9 10 11 12 13 14 |
---------------+-------------------------------------------+-----
Axes           | 5 6 7 11 12 14 15 18 | 18.0
Fighting       | 4 5 6 7 8 10 | 10.6
Armour         | 3 4 6 7 8 10 | 10.5
Invocations    | 1 3 6 8 10 12 14 16 | 16.2
Evocations     | 4 5 6 8 |  8.2
Throwing       | 2 3 6 8 |  8.2
Dodging        | 3 4 |  4.0
Shields        | 6 8 |  8.3
Stealth        | |  1.5

Action                     |  1- 3 |  4- 6 |  7- 9 | 10-12 | 13-15 || total
---------------------------+-------+-------+-------+-------+-------++-------
  Melee: Hand axe          |   104 |    11 |       |       |       ||   115
         Broad axe         |       |    52 |   200 |   561 |   365 ||  1178
         Punch             |       |     2 |     3 |     7 |       ||    12
  Throw: Dart              |       |       |     7 |    16 |       ||    23
         Javelin           |       |       |       |    25 |    34 ||    59
 Invoke: Wall of Briars    |       |       |     2 |     1 |       ||     3
         Grow Ballistomyce |       |       |       |     2 |     1 ||     3
         Grow Oklob        |       |       |       |     1 |       ||     1
         Overgrow          |       |       |       |       |     2 ||     2
  Evoke: Wand              |       |       |     1 |     1 |     3 ||     5
         Lightning rod     |       |       |       |       |     1 ||     1
         Tin of tremorston |       |       |       |       |     1 ||     1
         Condenser vane    |       |       |       |       |     1 ||     1
    Use: Potion            |     3 |       |     4 |     6 |     4 ||    17
         Scroll            |       |       |    13 |    17 |     9 ||    39
   Stab: Sleeping          |     1 |       |       |       |       ||     1
         Distracted        |       |       |       |       |     3 ||     3
 Armour: Robe              |    22 |       |       |       |       ||    22
         Chain mail        |    43 |   111 |   100 |    82 |   142 ||   478
         Ring mail         |       |       |    71 |       |       ||    71
         Plate armour      |       |       |     6 |   301 |       ||   307
         Pearl dragon scal |       |       |       |       |    63 ||    63
  Dodge: Dodged            |    90 |    58 |   158 |   251 |   119 ||   676
  Block: Kite shield       |       |       |       |   123 |   295 ||   418
         Reflection        |       |       |       |       |     3 ||     3

Table legend: (Time is in decaauts)
 A = Elapsed time spent in this place.
 B = Non-inter-level travel time spent in this place.
 C = Inter-level travel time spent in this place.
 D = Time resting spent in this place.
 E = Time spent auto-exploring this place.
 F = Levels seen in this place.
 G = Mean time per level.
                   A        B        C        D        E       F      G
               +--------+--------+--------+--------+--------+-----+--------+
         Total |  24121 |  21733 |   2388 |    298 |  17309 |  25 |  964.8 |
       Dungeon |  13847 |  12324 |   1523 |      0 |  10005 |  14 |  989.1 |
        Temple |    256 |    242 |     14 |      0 |    222 |   1 |  256.0 |
          Lair |   6312 |   5468 |    844 |    124 |   4331 |   5 | 1262.4 |
  Orcish Mines |    706 |    700 |      6 |      0 |    517 |   2 |  353.0 |
       Ossuary |    371 |    371 |      0 |      0 |    208 |   1 |  371.0 |
      Ice Cave |   1865 |   1865 |      0 |     98 |   1496 |   1 | 1865.0 |
       Volcano |    761 |    761 |      0 |     76 |    528 |   1 |  761.0 |
               +--------+--------+--------+--------+--------+-----+--------+

Top non-repeatable levels by time:
   IceCv: 1865 daAuts
  Lair:5: 1799 daAuts
  Lair:1: 1640 daAuts
     D:9: 1495 daAuts
     D:6: 1459 daAuts
    D:11: 1406 daAuts
     D:7: 1363 daAuts
     D:8: 1280 daAuts
    D:13: 1243 daAuts
  Lair:2: 1162 daAuts
    D:10: 1046 daAuts
     D:5: 1039 daAuts
  Lair:3: 1020 daAuts
    D:12: 873 daAuts
     D:2: 781 daAuts
